 Dungeon Crawl Stone Soup version 0.30-a0-170-g85af917532 (webtiles) character file.

Game seed: 17889602470686668618

661 qw the Chopper (level 7, -5/43 HPs)
             Began as a Gargoyle Fighter on Sept 30, 2022.
             Killed by divine providence
             ... invoked by an orc priest
              (11 damage)
             ... on level 5 of the Dungeon.
             The game lasted 00:01:36 (4665 turns).

qw the Chopper (Gargoyle Fighter)                   Turns: 4665, Time: 00:01:36

Health: -5/43      AC: 21    Str: 22    XL:     7   Next: 56%
Magic:  7/7        EV:  6    Int:  8    God:
Gold:   217        SH:  4    Dex:  9    Spells: 6/6 levels left

rFire   . . .      SeeInvis .    Y - +4 war axe
rCold   . . .      Faith    .    c - +0 buckler
rNeg    + . .      Spirit   .    p - +2 plate armour
rPois   inf        Reflect  .    (no helmet)
rElec   +          Harm     .    (no cloak)
rCorr   .          Rampage  .    h - +2 pair of gloves
Will    +....                    (no boots)
Stlth   ..........               (no amulet)
HPRegen 0.14/turn                j - ring of willpower
MPRegen 0.10/turn                (no ring)

@: no status effects
A: sickness immunity, AC +4, negative energy resistance 1, electricity
resistance, torment resistance 1, petrification resistance
a: no special abilities


You were on level 5 of the Dungeon.
You visited 1 branch of the dungeon, and saw 5 of its levels.
You also visited: Sewer.

You collected 217 gold pieces.


Innate Abilities, Weirdness & Mutations

You are immune to sickness and miasma.
Your stone body is resilient. (AC +4)
You are immune to poison.
You resist negative energy. (rN+)
You are resistant to electric shocks. (rElec)
You are resistant to unholy torment.
You are immune to petrification.


   Skills:
 - Level 4.0 Fighting
 + Level 6.9 Axes
 - Level 4.2 Armour
 - Level 3.2 Shields


You had 6 spell levels left.
You didn't know any spells.
Your spell library was empty.

Inventory:

Hand Weapons
 f - a +0 flail
 Y - a +4 war axe (weapon)
Armour
 c - a +0 buckler (worn)
 h - a +2 pair of gloves (worn)
 p - a +2 plate armour (worn)
Jewellery
 j - a ring of willpower (left hand)
Potions
 a - a potion of mutation {unknown}
 d - 2 potions of might
 g - a potion of flight {unknown}
 k - a potion of ambrosia {unknown}
 l - a potion of cancellation {unknown}
 m - a potion of lignification {unknown}
 n - a potion of curing
 o - 4 potions of haste

Dungeon Overview and Level Annotations

Branches:
Dungeon (5/15)              Sewer (visited)
 Temple: D:4-7

Altars:
Ashenzari
Nemelex Xobeh
Ru
Sif Muna
Trog
Xom
Yredelemnul
Zin


Message History

The orc warrior hits you with a +1 scimitar of protection!
The gnoll hits you but does no damage. The orc warrior completely misses you.
You barely miss the orc warrior.
The orc warrior is heavily wounded.
The gnoll hits you from afar with a +0 spear.
The orc warrior completely misses you.
You slice the orc warrior!!
You kill the orc warrior!
The gnoll closely misses you.
You slash the orc wizard!
The orc wizard is heavily wounded.
The gnoll hits you but does no damage.
The orc wizard points at you and mumbles some strange words.
The magic dart hits you.
You closely miss the orc wizard.
The orc wizard is heavily wounded.
You block the gnoll's attack. You block the orc wizard's attack.
The gnoll hits you but does no damage. The orc wizard casts a spell at you.
You resist with almost no effort.
You closely miss the orc wizard.
The orc wizard is heavily wounded.
The orc wizard hits you but does no damage.
The gnoll hits you but does no damage.
You barely miss the orc wizard.
The orc wizard is heavily wounded.
You block the gnoll's attack. The orc wizard barely misses you.
You slash the orc wizard!
You kill the orc wizard!
The gnoll barely misses you.
You slash the orc!
You kill the orc!
The gnoll hits you from afar with a +0 spear.
The gnoll hits you with a +0 spear.
You slash the gnoll!
You kill the gnoll!
The orc hits you but does no damage.
The orc priest invokes the aid of Beogh against you.
Beogh smites you!
You die...

####..####...###.####...#
#..# ###.......##...#
#..# ....###.#......#
.... .######.###....#
..... #..#.....(# ...##.
#....##(..# .... ..
###.#####...# ##)).#
#...# #.@#.# ##### #o##.#
#)##.# #o#..# ......
..#.## ##.#. #.# #.#


You could see an orc priest and an orc.

Vanquished Creatures
  A water moccasin (D:5)
  Pargi (Sewer)
  An orc warrior (D:5)
  An ogre (D:5)
  An iguana (D:4)
  2 orc wizards (D:5)
  7 gnolls
  5 adders
  3 worms (D:2)
  4 dart slugs
  3 orcs (D:5)
  9 endoplasms
  5 giant cockroaches
  7 goblins
  2 hobgoblins
  4 quokkas
  8 ball pythons
  4 bats
  10 frilled lizards
  7 kobolds
  6 rats
91 creatures vanquished.

Notes
Turn   | Place    | Note
-------+----------+-------------------------------------------
     0 | D:1      | qw the Gargoyle Fighter began the quest for the Orb.
     0 | D:1      | Reached XP level 1. HP: 14/14 MP: 1/1
     0 | D:1      | 0 ||| qw: Version: 0.2-a-12-gaebbb33
     0 | D:1      | 0 ||| qw: Game counter: 1492
     0 | D:1      | 0 ||| qw: Always use a shield: true
     0 | D:1      | 0 ||| qw: God list: Okawaru
     0 | D:1      | 0 ||| qw: Allow faded altars: false
     0 | D:1      | 0 ||| qw: Do Orc after D:15 true
     0 | D:1      | 0 ||| qw: Do second Lair branch before Depths: true
     0 | D:1      | 0 ||| qw: Lair rune preference: random
     0 | D:1      | 0 ||| qw: Plans: Normal, Zot:1-4, God:TSO, Crypt, Tomb,
                  | Pan, Slime:5, Hells, Abyss, Orb
     0 | D:1      | 0 ||| PLANNING D:1-11
    50 | D:1      | Reached skill level 2 in Axes
   135 | D:1      | Reached XP level 2. HP: 19/19 MP: 2/2
   136 | D:1      | 136 ||| Stepping ~*~*~tactically~*~*~ (hiding).
   463 | D:1      | 463 ||| Stepping ~*~*~tactically~*~*~ (stealth).
   480 | D:1      | 480 ||| Stepping ~*~*~tactically~*~*~ (stealth).
   481 | D:1      | 481 ||| Stepping ~*~*~tactically~*~*~ (stealth).
   493 | D:1      | 493 ||| Stepping ~*~*~tactically~*~*~ (stealth).
   627 | D:1      | Found a faded altar of an unknown god.
   700 | D:1      | 700 ||| Stepping ~*~*~tactically~*~*~ (hiding).
   713 | D:1      | Reached skill level 3 in Axes
   766 | D:1      | Reached XP level 3. HP: 19/23 MP: 3/3
   853 | D:1      | 853 ||| UPGRADING to +0 pair of gloves.
   858 | D:1      | 858 ||| READING 3 scrolls labelled YCLAEC REMACU.
   859 | D:1      | 859 ||| READING 2 scrolls of enchant weapon.
   859 | D:1      | 859 ||| ENCHANTING +1 war axe.
   860 | D:1      | 860 ||| READING scroll of enchant weapon.
   860 | D:1      | 860 ||| ENCHANTING +2 war axe.
   861 | D:1      | 861 ||| READING scroll labelled UFODASTAPU.
   866 | D:1      | 866 ||| READING scroll labelled JAREDGH KUNKIJ.
   867 | D:1      | 867 ||| READING scroll labelled KAGEPLOPNE.
   868 | D:1      | 868 ||| READING scroll labelled DOEZINGYPE.
   917 | D:2      | 917 ||| STAIRDANCE
  1379 | D:2      | 1379 ||| READING 3 scrolls of enchant armour.
  1379 | D:2      | 1379 ||| ENCHANTING +0 pair of gloves.
  1380 | D:2      | 1380 ||| READING 2 scrolls of enchant armour.
  1380 | D:2      | 1380 ||| ENCHANTING +1 pair of gloves.
  1396 | D:2      | Found a broken altar of Ashenzari.
  1574 | D:2      | 1574 ||| Stepping ~*~*~tactically~*~*~ (stealth).
  1686 | D:2      | 1686 ||| UPGRADING to +0 plate armour.
  1696 | D:2      | 1696 ||| DROPPING +0 scale mail.
  1697 | D:2      | 1697 ||| READING 2 scrolls of enchant armour.
  1697 | D:2      | 1697 ||| ENCHANTING +0 plate armour.
  1698 | D:2      | 1698 ||| READING scroll of enchant armour.
  1698 | D:2      | 1698 ||| ENCHANTING +1 plate armour.
  1699 | D:2      | 1699 ||| DROPPING amulet of magic regeneration.
  1700 | D:2      | 1700 ||| UPGRADING to ring of willpower.
  1701 | D:2      | 1701 ||| READING scroll labelled VAGEIVY CISHRUL.
  1802 | D:2      | 1802 ||| READING scroll labelled TEUGOCL XEUHUT.
  1803 | D:2      | 1803 ||| DRINKING 2 dark potions.
  1834 | D:3      | 1834 ||| PLANNING SEWER
  1890 | D:3      | Reached XP level 4. HP: 26/28 MP: 4/4
  1946 | D:3      | 1946 ||| Stepping ~*~*~tactically~*~*~ (stealth).
  1963 | D:3      | 1963 ||| Stepping ~*~*~tactically~*~*~ (stealth).
  2067 | D:3      | 2067 ||| Stepping ~*~*~tactically~*~*~ (stealth).
  2207 | D:3      | Reached skill level 4 in Axes
  2300 | D:3      | 2300 ||| Stepping ~*~*~tactically~*~*~ (stealth).
  2302 | D:3      | 2302 ||| Stepping ~*~*~tactically~*~*~ (stealth).
  2307 | D:3      | Found a glowing drain.
  2313 | D:3      | 2313 ||| FLEEEEING.
  2319 | D:3      | 2319 ||| FLEEEEING.
  2320 | D:3      | 2320 ||| FLEEEEING.
  2321 | D:3      | 2321 ||| FLEEEEING.
  2331 | D:3      | 2331 ||| DROPPING orb of wrath.
  2332 | D:3      | 2332 ||| READING scroll labelled CUSAMOUGOVY.
  2351 | D:3      | 2351 ||| FLEEEEING.
  2355 | D:3      | 2355 ||| FLEEEEING.
  2356 | D:3      | 2356 ||| FLEEEEING.
  2357 | D:3      | 2357 ||| FLEEEEING.
  2358 | D:3      | 2358 ||| FLEEEEING.
  2359 | D:3      | 2359 ||| FLEEEEING.
  2360 | D:3      | 2360 ||| FLEEEEING.
  2361 | D:3      | 2361 ||| FLEEEEING.
  2362 | D:3      | 2362 ||| FLEEEEING.
  2363 | D:3      | 2363 ||| FLEEEEING.
  2364 | D:3      | 2364 ||| FLEEEEING.
  2365 | D:3      | 2365 ||| FLEEEEING.
  2366 | D:3      | 2366 ||| FLEEEEING.
  2367 | D:3      | 2367 ||| FLEEEEING.
  2368 | D:3      | 2368 ||| FLEEEEING.
  2369 | D:3      | 2369 ||| FLEEEEING.
  2373 | D:3      | 2373 ||| FLEEEEING.
  2374 | D:3      | 2374 ||| FLEEEEING.
  2375 | D:3      | 2375 ||| FLEEEEING.
  2376 | D:3      | 2376 ||| FLEEEEING.
  2377 | D:3      | 2377 ||| FLEEEEING.
  2383 | D:3      | 2383 ||| STAIRDANCE
  2388 | D:3      | 2388 ||| STAIRDANCE
  2433 | Sewer    | Entered a sewer
  2449 | Sewer    | Noticed Pargi
  2450 | Sewer    | 2450 ||| Stepping ~*~*~tactically~*~*~ (water).
  2476 | Sewer    | Killed Pargi
  2477 | Sewer    | Reached skill level 5 in Axes
  2477 | Sewer    | Reached XP level 5. HP: 12/32 MP: 5/5
  2720 | Sewer    | 2720 ||| READING scroll of enchant weapon.
  2720 | Sewer    | 2720 ||| ENCHANTING +3 war axe.
  2851 | Sewer    | 2851 ||| READING scroll labelled WYEQASESOE.
  2852 | Sewer    | 2852 ||| DRINKING 2 red potions.
  2853 | Sewer    | 2853 ||| DRINKING 4 green potions.
  2873 | D:3      | 2873 ||| PLANNING D:1-11
  3010 | D:3      | Found a broken altar of Ashenzari.
  3011 | D:3      | Found a basalt altar of Yredelemnul.
  3011 | D:3      | Found a sacrificial altar of Ru.
  3011 | D:3      | Found a bloodstained altar of Trog.
  3012 | D:3      | Found a shimmering blue altar of Sif Muna.
  3015 | D:3      | Found a glowing silver altar of Zin.
  3016 | D:3      | Found a sparkling altar of Nemelex Xobeh.
  3288 | D:4      | Found a shimmering altar of Xom.
  3333 | D:4      | Reached XP level 6. HP: 32/38 MP: 6/6
  3375 | D:4      | 3375 ||| DROPPING +0 mace.
  3458 | D:4      | 3458 ||| READING scroll of teleportation.
  3459 | D:4      | 3459 ||| FLEEEEING.
  3460 | D:4      | 3460 ||| FLEEEEING.
  3701 | D:4      | 3701 ||| Stepping ~*~*~tactically~*~*~ (stealth).
  3728 | D:4      | 3728 ||| Stepping ~*~*~tactically~*~*~ (stealth).
  4280 | D:4      | 4280 ||| READING scroll labelled NEMURE TOEZE.
  4343 | D:4      | 4343 ||| READING scroll labelled EMNYJA MEHOUKOGI.
  4364 | D:5      | Entered Level 5 of the Dungeon
  4379 | D:5      | Noticed a water moccasin
  4390 | D:5      | Killed a water moccasin
  4391 | D:5      | Reached skill level 6 in Axes
  4396 | D:5      | Reached XP level 7. HP: 15/43 MP: 7/7
  4633 | D:5      | 4633 ||| Stepping ~*~*~tactically~*~*~ (hiding).
  4645 | D:5      | HP: 10/43 [gnoll/+0 spear (2)]
  4646 | D:5      | 4646 ||| DRINKING potion of heal wounds.
  4663 | D:5      | HP: 10/43 [gnoll/+0 spear (2)]
  4665 | D:5      | Killed from afar by an orc priest

Levels and vault maps discovered:
D:1:      dpeg_arrival_shelter, layout_basic, shapermc_ecumenical_altar_pompeii,
          columned_hall_lemuel
D:2:      layout_loops_cross, basic_altar, minmay_pentomino_o2
D:3:      layout_loops_ring, minitemple, portal_sewer_entry_b, minmay_unequal
D:4:      layout_basic, kennysheep_little_box, glass_columns_b
D:5:      layout_rooms, guppyfry_shop_venom

Skill      XL: |  1  2  3  4  5  6 |
---------------+-------------------+-----
Axes           | 2 3 5 6 |  6.9
Fighting       | 4 |  4.0
Armour         | 4 |  4.2
Shields        | |  3.2

Action                   |  1- 3 |  4- 6 |  7- 9 || total
-------------------------+-------+-------+-------++-------
Melee: War axe           |   100 |   120 |    31 ||   251
  Use: Scroll            |    13 |     6 |       ||    19
       Potion            |     1 |     2 |     1 ||     4
Armor: Scale mail        |    33 |       |       ||    33
       Plate armour      |       |    99 |    27 ||   126
Dodge: Dodged            |    37 |    44 |    25 ||   106
Block: Buckler           |    15 |    22 |     6 ||    43

Table legend:
 A = Non-vault XP
 B = Vault XP
 C = Vault XP percentage of total XP
 D = Non-vault monster count
 E = Vault monster count
 F = Vault count percentage of total count
                 A         B        C        D         E       F
            +---------+---------+-------+---------+---------+-------
      Total |     773 |     187 |  19.5 |      74 |      17 |  18.7
            +---------+---------+-------+---------+---------+-------
        D:1 |      36 |       0 |   0.0 |      22 |       0 |   0.0
        D:2 |      40 |       3 |   7.0 |      17 |       2 |  10.5
        D:3 |      18 |      26 |  59.1 |      11 |       7 |  38.9
        D:4 |     126 |       0 |   0.0 |      11 |       0 |   0.0
        D:5 |     553 |       0 |   0.0 |      13 |       0 |   0.0
      Sewer |       0 |     158 | 100.0 |       0 |       8 | 100.0
            +---------+---------+-------+---------+---------+-------
